AoeStats
← casualrambo

QS Arena

503193027Analyzed
2v2 RM · 1mo ago on Aug 30, 2026· 54m 16s· 4 players
Game mode
Random Map
Map size
Medium (4 player)
Population
200
Speed
Normal
Resources
Standard
Victory
Conquest
Starting age
Dark Age
Ending age
Imperial Age
RankedLock teamsTeams togetherTeam positionsShared explorationLock speedFull tech treeHidden civsTurbo modeCheats
Victory
Defeat
🇹🇷 Goths · Türkiye
910
+15
🇹🇷 Spanish · Türkiye
910
+15
🇵🇾 Vikings · Paraguay
894
-15
🇳🇱 Vietnamese · Netherlands
865
-14
WololoPy
3:33 Loom
8:48 Feudal Age
7:07 Loom
12:35 Castle Age
13:06 Double-Bit Axe
13:22 Horse Collar
22:25 Forging
25:44 Iron Casting
25:36 Scale Mail Armor
28:44 Chieftains
30:49 Chain Mail Armor
33:30 Imperial Age
32:45 Bow Saw
33:58 Gold Mining
35:14 Blast Furnace
35:26 Plate Mail Armor
35:56 Stone Mining
40:03 Two-Man Saw
43:41 Elite Berserk
47:11 Chemistry
48:18 Heavy Plow
casualrambo
7:35 Feudal Age
8:34 Double-Bit Axe
8:32 Horse Collar
10:37 Wheelbarrow
18:09 Castle Age
16:08 Gold Mining
16:08 Stone Mining
16:44 Stone Mining
20:37 Hand Cart
20:35 Bow Saw
20:29 Heavy Plow
26:47 Thumb Ring
26:36 Fletching
26:47 Padded Archer Armor
30:42 Imperial Age
31:45 Pikeman
32:25 Squires
32:11 Arson
33:53 Halberdier
34:52 Forging
34:42 Scale Mail Armor
35:33 Paper Money
39:19 Elite Rattan Archer
45:20 Elite Skirmisher
46:42 Imperial Skirmisher
48:37 Two-Man Saw
48:09 Crop Rotation
50:12 Bodkin Arrow
50:32 Leather Archer Armor
51:38 Elite Fire Lancer
53:29 Bracer
54:00 Ring Archer Armor
TheBens
0:51 Loom
8:31 Feudal Age
18:06 Castle Age
16:54 Bloodlines
17:23 Double-Bit Axe
17:51 Forging
17:27 Horse Collar
24:20 Husbandry
25:42 Ballistics
35:01 Imperial Age
33:53 Heavy Plow
34:31 Iron Casting
34:39 Wheelbarrow
35:52 Scale Barding Armor
36:33 Bow Saw
37:20 Inquisition
37:55 Fortified Wall
37:52 Gold Mining
37:53 Stone Mining
41:31 Hoardings
40:52 Cavalier
43:03 Light Cavalry
45:58 Two-Man Saw
46:00 Blast Furnace
45:42 Hand Cart
47:52 Chemistry
47:18 Chain Barding Armor
46:56 Hussar
47:45 Fletching
47:56 Padded Archer Armor
50:28 Conscription
52:00 Elite Conquistador
BigHope
8:58 Feudal Age
9:30 Double-Bit Axe
9:40 Stone Mining
9:42 Gold Mining
16:02 Castle Age
15:22 Horse Collar
15:59 Forging
17:33 Squires
17:36 Scale Mail Armor
19:36 Bow Saw
24:11 Iron Casting
24:27 Chain Mail Armor
25:10 Fletching
26:43 Stone Shaft Mining
27:00 Wheelbarrow
26:44 Heavy Plow
27:24 Masonry
29:19 Man-at-Arms
30:52 Long Swordsman
31:36 Bodkin Arrow
34:39 Imperial Age
34:31 Ballistics
34:41 Hand Cart
35:14 Murder Holes
36:38 Chemistry
36:58 Blast Furnace
36:29 Conscription
36:17 Perfusion
36:01 Two-Handed Swordsman
36:57 Town Watch
38:51 Crop Rotation
39:25 Two-Man Saw
39:13 Elite Huskarl
40:14 Bracer
40:27 Town Patrol
40:39 Caravan
40:51 Guilds
41:05 Champion
45:10 Loom
45:57 Architecture
47:25 Anarchy
Connection lost

Rejoining the realm…

Still unreachable

The connection could not be restored.

Session expired

The server has moved on; the page needs a fresh start.